| TOP OF THE 1ST |
|
University of Southern California Trojans batting - Pitching for Mississippi State University Bulldogs : RHP Esteban Vidal
|
|
Pitching: RHP Esteban Vidal
|
|
|
Batting: LHB Alonzo Catalan
|
0-0: Called Strike 0-1: TRIPLE (Line Drive, 89XD, EV 101.9 MPH)
|
|
Batting: RHB Liangde Zhou
|
0-0: Swinging Strike 0-1: Ball 1-1: Swinging Strike 1-2: Strikes out swinging
|
|
Batting: LHB Ryan Springer
|
0-0: Ball 1-0: Foul Ball, location: 2F 1-1: Foul Ball, location: 2F 1-2: Foul Ball, location: 2F 1-2: Foul Ball, location: 2F 1-2: Foul Ball, location: 2F 1-2: Ground out U3 (Groundball, 3L, EV 89.4 MPH)
|
|
Batting: RHB Eric Baker
|
0-0: Called Strike 0-1: Called Strike 0-2: Ball 1-2: Fly out, F6 (Popup, 6MD, EV 46.9 MPH)
|
| Top of the 1st over - 0 runs, 1 hit, 0 errors, 1 left on base; University of Southern California 0 - Mississippi State University 0 |
| BOTTOM OF THE 1ST |
|
Mississippi State University Bulldogs batting - Pitching for University of Southern California Trojans : LHP Ewan Vermeulen
|
|
Pitching: LHP Ewan Vermeulen
|
|
|
Batting: SHB Toshinori Shimabukuro
|
0-0: Ball 1-0: Ball 2-0: Foul Ball, location: 2F 2-1: Ball 3-1: Base on Balls
|
|
Batting: RHB Cody Ammann
|
0-0: SINGLE (Line Drive, 78S, EV 91.9 MPH) Toshinori Shimabukuro to second Runner from 2nd tries for 3rd, SAFE, throw by LF made to third
|
|
Batting: RHB Benito Gonzales
|
0-0: Called Strike Cody Ammann is caught stealing 2nd base 2-4 0-1: Foul Ball, location: 2F 0-2: Ground out 4-3 (Groundball, 4, EV 90.0 MPH) Toshinori Shimabukuro scores
|
|
Batting: RHB Masahito Sunada
|
0-0: Ground out 5-3 (Groundball, 56S, EV 83.8 MPH)
|
| Bottom of the 1st over - 1 run, 1 hit, 0 errors, 0 left on base; University of Southern California 0 - Mississippi State University 1 |
| TOP OF THE 2ND |
|
University of Southern California Trojans batting - Pitching for Mississippi State University Bulldogs : RHP Esteban Vidal
|
|
Batting: LHB Rupert Broers
|
0-0: Called Strike 0-1: Ball 1-1: Ball 2-1: Foul Ball, location: 2F 2-2: Ball 3-2: Foul Ball, location: 2F 3-2: Base on Balls
|
|
Batting: LHB Justin Veirs
|
0-0: Ball 1-0: Called Strike 1-1: Foul Ball, location: 2F 1-2: Foul Ball, location: 2F 1-2: Ball 2-2: SINGLE (Groundball, 13, EV 85.0 MPH) (infield hit) Rupert Broers to second
|
|
Batting: RHB Jeremy McAbee
|
0-0: Ball 1-0: Swinging Strike 1-1: Foul Ball, location: 2F 1-2: Ball 2-2: Ball 3-2: Base on Balls Rupert Broers to third Justin Veirs to second
|
|
Batting: RHB Eizo Sakamoto
|
0-0: Foul Ball, location: 2F 0-1: Called Strike 0-2: Strikes out swinging
|
|
Batting: RHB Chris Thomas
|
0-0: Ball 1-0: Called Strike 1-1: Called Strike 1-2: Strikes out looking
|
|
Batting: LHB Alonzo Catalan
|
0-0: Ball 1-0: Foul Ball, location: 2F 1-1: SINGLE (Flyball, 78S, EV 91.2 MPH) Rupert Broers scores Justin Veirs to third Jeremy McAbee to second Runner from 3rd tries for Home, SAFE, throw by CF to home
|
|
Batting: RHB Liangde Zhou
|
0-0: Called Strike 0-1: SINGLE (Line Drive, 89S, EV 88.1 MPH) Jeremy McAbee to third Alonzo Catalan to second Runner from 3rd tries for Home, SAFE, throw by CF to home
|
|
Batting: LHB Ryan Springer
|
0-0: Ground out U3 (Groundball, 3, EV 78.8 MPH)
|
| Top of the 2nd over - 3 runs, 3 hits, 0 errors, 2 left on base; University of Southern California 3 - Mississippi State University 1 |
| BOTTOM OF THE 2ND |
|
Mississippi State University Bulldogs batting - Pitching for University of Southern California Trojans : LHP Ewan Vermeulen
|
|
Batting: RHB Logan Strassburg
|
0-0: Foul Ball, location: 2F 0-1: Ball 1-1: Ball 2-1: Called Strike 2-2: Ball 3-2: Foul Ball, location: 2F 3-2: Base on Balls
|
|
Batting: RHB Eric Riley
|
0-0: Called Strike 0-1: Foul Ball, location: 2F 0-2: Grounds into double play, 5-4-3 (Groundball, 56, EV 111.2 MPH)
|
|
Batting: RHB Karl Lukasiewicz
|
0-0: Called Strike 0-1: Swinging Strike 0-2: Ball 1-2: Ball 2-2: Ball 3-2: Ground out 4-3 (Groundball, 4, EV 89.4 MPH)
|
| Bottom of the 2nd over - 0 runs, 0 hits, 0 errors, 0 left on base; University of Southern California 3 - Mississippi State University 1 |
| TOP OF THE 3RD |
|
University of Southern California Trojans batting - Pitching for Mississippi State University Bulldogs : RHP Esteban Vidal
|
|
Batting: RHB Eric Baker
|
0-0: Ball 1-0: Foul Ball, location: 2F 1-1: Foul Ball, location: 2F 1-2: Foul Ball, location: 2F 1-2: Ball 2-2: Foul Ball, location: 2F 2-2: SINGLE (Groundball, 56D, EV 103.1 MPH)
|
|
Batting: LHB Rupert Broers
|
0-0: Called Strike 0-1: Called Strike 0-2: Fly out, F7 (Flyball, 7, EV 90.6 MPH)
|
|
Batting: LHB Justin Veirs
|
0-0: Ball 1-0: Ball 2-0: Ball 3-0: Called Strike 3-1: Foul Ball, location: 2F 3-2: Fielders Choice at 2nd, 6-4 (Groundball, 6M, EV 87.5 MPH)
|
|
Batting: RHB Jeremy McAbee
|
0-0: Called Strike Justin Veirs is caught stealing 2nd base 2-4
|
| Top of the 3rd over - 0 runs, 1 hit, 0 errors, 0 left on base; University of Southern California 3 - Mississippi State University 1 |
| BOTTOM OF THE 3RD |
|
Mississippi State University Bulldogs batting - Pitching for University of Southern California Trojans : LHP Ewan Vermeulen
|
|
Batting: RHB Bill Petipas
|
0-0: Ball 1-0: Ball 2-0: Foul Ball, location: 2F 2-1: Ball 3-1: Called Strike 3-2: Strikes out looking
|
|
Batting: RHB Ryan Muldoon
|
0-0: Ball 1-0: Called Strike 1-1: Ball 2-1: Foul Ball, location: 2F 2-2: SINGLE (Groundball, 56D, EV 97.5 MPH)
|
|
Batting: SHB Toshinori Shimabukuro
|
0-0: Ball Ryan Muldoon is caught stealing 2nd base 2-4 1-0: Foul Ball, location: 2F 1-1: Foul Ball, location: 2F 1-2: Foul Ball, location: 2F 1-2: Ball 2-2: Ground out 6-3 (Groundball, 6M, EV 85.0 MPH)
|
| Bottom of the 3rd over - 0 runs, 1 hit, 0 errors, 0 left on base; University of Southern California 3 - Mississippi State University 1 |
| TOP OF THE 4TH |
|
University of Southern California Trojans batting - Pitching for Mississippi State University Bulldogs : RHP Esteban Vidal
|
|
Pitching: LHP Josh Doyle
|
|
|
Batting: RHB Jeremy McAbee
|
0-0: SINGLE (Groundball, 5D, EV 104.4 MPH)
|
|
Batting: RHB Eizo Sakamoto
|
0-0: Ball 1-0: Foul Ball, location: 2F 1-1: Called Strike 1-2: Ball 2-2: Strikes out swinging
|
|
Batting: RHB Chris Thomas
|
0-0: Called Strike 0-1: Ball 1-1: Foul Ball, location: 2F 1-2: Ball 2-2: Strikes out swinging
|
|
Batting: LHB Alonzo Catalan
|
0-0: Ball 1-0: Foul Ball, location: 2F 1-1: Called Strike 1-2: Ball 2-2: Foul Ball, location: 2F 2-2: Ball 3-2: DOUBLE (Line Drive, 78XD, EV 107.5 MPH) Jeremy McAbee to third Jeremy McAbee scores
|
|
Pinch Hitting: LHB Roger Kean
|
0-0: Foul Ball, location: 2F 0-1: Ball 1-1: Ball 2-1: Called Strike 2-2: Strikes out swinging
|
| Top of the 4th over - 1 run, 2 hits, 0 errors, 1 left on base; University of Southern California 4 - Mississippi State University 1 |
| BOTTOM OF THE 4TH |
|
Mississippi State University Bulldogs batting - Pitching for University of Southern California Trojans : LHP Ewan Vermeulen
|
|
Pitching: RHP Lorenzo Garcia
|
|
|
Now in RF: George Hillock
|
|
|
Batting: RHB Cody Ammann
|
0-0: Called Strike 0-1: Called Strike 0-2: Foul Ball, location: 2F 0-2: Foul Ball, location: 2F 0-2: Ball 1-2: Strikes out swinging
|
|
Batting: RHB Benito Gonzales
|
0-0: Ball 1-0: SINGLE (Flyball, 4D, EV 85.0 MPH)
|
|
Batting: RHB Masahito Sunada
|
0-0: Ball Benito Gonzales steals 2nd base 1-0: Swinging Strike 1-1: Ball 2-1: Foul Ball, location: 2F 2-2: Strikes out looking
|
|
Batting: RHB Logan Strassburg
|
0-0: Ball 1-0: Swinging Strike 1-1: Foul Ball, location: 2F 1-2: Strikes out swinging
|
| Bottom of the 4th over - 0 runs, 1 hit, 0 errors, 1 left on base; University of Southern California 4 - Mississippi State University 1 |
| TOP OF THE 5TH |
|
University of Southern California Trojans batting - Pitching for Mississippi State University Bulldogs : LHP Josh Doyle
|
|
Pinch Hitting: RHB Jochen Schanz
|
0-0: Ball 1-0: Ball 2-0: Called Strike 2-1: Foul Ball, location: 2F 2-2: Fly out, F2 (Popup, 23F, EV 88.8 MPH)
|
|
Batting: RHB Eric Baker
|
0-0: Ball 1-0: Ball 2-0: Called Strike 2-1: Ground out 5-3 (Groundball, 5L, EV 89.4 MPH)
|
|
Batting: LHB Rupert Broers
|
0-0: Foul Ball, location: 2F 0-1: Foul Ball, location: 2F 0-2: Ball 1-2: Fly out, F5 (Popup, 56, EV 72.5 MPH)
|
| Top of the 5th over - 0 runs, 0 hits, 0 errors, 0 left on base; University of Southern California 4 - Mississippi State University 1 |
| BOTTOM OF THE 5TH |
|
Mississippi State University Bulldogs batting - Pitching for University of Southern California Trojans : RHP Lorenzo Garcia
|
|
Now at 2B: Joey Fields
|
|
|
Now at 3B: Tri Kartini
|
|
|
Now in CF: Brad Betterton
|
|
|
Batting: RHB Eric Riley
|
0-0: Ball 1-0: Called Strike 1-1: Called Strike 1-2: Ball 2-2: Ball 3-2: Strikes out swinging
|
|
Batting: RHB Karl Lukasiewicz
|
0-0: Foul Ball, location: 2F 0-1: Ball 1-1: Fly out, F6 (Popup, 6M, EV 65.0 MPH)
|
|
Batting: RHB Bill Petipas
|
0-0: Called Strike 0-1: Called Strike 0-2: Foul Ball, location: 2F 0-2: Strikes out swinging
|
| Bottom of the 5th over - 0 runs, 0 hits, 0 errors, 0 left on base; University of Southern California 4 - Mississippi State University 1 |
| TOP OF THE 6TH |
|
University of Southern California Trojans batting - Pitching for Mississippi State University Bulldogs : LHP Josh Doyle
|
|
Pitching: RHP Salvatore Caraballo
|
|
|
Now at 1B: Tom Ploughman
|
|
|
Now at 3B: Paulo Aubert
|
|
|
Now in LF: Shou-xin Ouyang
|
|
|
Batting: RHB John Sandberg
|
0-0: Called Strike 0-1: Ball 1-1: Ball 2-1: Ball 3-1: Ground out U3 (Groundball, 3S, EV 86.9 MPH)
|
|
Batting: RHB Jeremy McAbee
|
0-0: Ground out 5-3 (Groundball, 56S, EV 80.6 MPH)
|
|
Pinch Hitting: LHB Dave Helman
|
0-0: Ground out 6-3 (Groundball, 6M, EV 110.0 MPH)
|
| Top of the 6th over - 0 runs, 0 hits, 0 errors, 0 left on base; University of Southern California 4 - Mississippi State University 1 |
| BOTTOM OF THE 6TH |
|
Mississippi State University Bulldogs batting - Pitching for University of Southern California Trojans : RHP Lorenzo Garcia
|
|
Pitching: RHP Abizar Djajadiningrat
|
|
|
Now at 1B: Santiago Romero
|
|
|
Now in LF: John Rumbolt
|
|
|
Batting: RHB Ryan Muldoon
|
0-0: SINGLE (Flyball, 6D, EV 89.4 MPH)
|
|
Pinch Hitting: SHB Jim Rutherford
|
0-0: Called Strike 0-1: Swinging Strike 0-2: Strikes out looking
|
|
Batting: SHB Shou-xin Ouyang
|
0-0: Ball 1-0: Called Strike 1-1: Ball 2-1: Foul Ball, location: 2F 2-2: Ball 3-2: Foul Ball, location: 2F 3-2: Base on Balls Ryan Muldoon to second
|
|
Batting: LHB Tom Ploughman
|
0-0: Ball 1-0: Ball 2-0: SINGLE (Groundball, 6, EV 98.8 MPH) Ryan Muldoon to third Shou-xin Ouyang to second Runner from 3rd tries for Home, SAFE, throw by CF to home
|
|
Batting: RHB Jun Qing
|
0-0: Called Strike 0-1: Ball 1-1: Ball 2-1: Foul Ball, location: 2F 2-2: Foul Ball, location: 2F 2-2: Strikes out swinging
|
|
Pinch Hitting: RHB Freddie Kite
|
0-0: Ball 1-0: Ball 2-0: Ball 3-0: Base on Balls Shou-xin Ouyang to third Tom Ploughman to second
|
|
Batting: RHB Eric Riley
|
0-0: Foul Ball, location: 2F 0-1: Ball 1-1: Swinging Strike 1-2: Foul Ball, location: 2F 1-2: Ball 2-2: Ground out 4-3 (Groundball, 4, EV 100.6 MPH)
|
| Bottom of the 6th over - 1 run, 2 hits, 0 errors, 3 left on base; University of Southern California 4 - Mississippi State University 2 |
| TOP OF THE 7TH |
|
University of Southern California Trojans batting - Pitching for Mississippi State University Bulldogs : RHP Salvatore Caraballo
|
|
Now at C: Oscar Vargas
|
|
|
Now at 3B: Jim Rutherford
|
|
|
Now in RF: Jesse Hodges
|
|
|
Batting: LHB Brad Betterton
|
0-0: Ball 1-0: Called Strike 1-1: Ground out U3 (Groundball, 3, EV 82.5 MPH)
|
|
Batting: RHB Tri Kartini
|
0-0: Ball 1-0: Swinging Strike 1-1: Foul Ball, location: 2F 1-2: Ball 2-2: Strikes out swinging
|
|
Batting: SHB George Hillock
|
0-0: Ball 1-0: Ball 2-0: Foul Ball, location: 2F 2-1: Ball 3-1: SOLO HOME RUN (Flyball, 9D, EV 96.2 MPH), Distance : 385 ft
|
|
Batting: RHB Joey Fields
|
0-0: Ball 1-0: Ball 2-0: Ball 3-0: Called Strike 3-1: Foul Ball, location: 2F 3-2: Strikes out swinging
|
| Top of the 7th over - 1 run, 1 hit, 0 errors, 0 left on base; University of Southern California 5 - Mississippi State University 2 |
| BOTTOM OF THE 7TH |
|
Mississippi State University Bulldogs batting - Pitching for University of Southern California Trojans : RHP Abizar Djajadiningrat
|
|
Pitching: RHP Yacob Onyebuchi
|
|
|
Now at C: Ashley Shepherd
|
|
|
Batting: RHB Karl Lukasiewicz
|
0-0: Ball 1-0: Ball 2-0: Ball 3-0: Called Strike 3-1: Base on Balls
|
|
Batting: RHB Oscar Vargas
|
0-0: Swinging Strike 0-1: Called Strike 0-2: Ball 1-2: Ball 2-2: Foul Ball, location: 2F 2-2: Strikes out looking
|
|
Pinch Hitting: RHB Jon Van Dam
|
0-0: Ball 1-0: Called Strike 1-1: Ball 2-1: Fielders Choice at 2nd, 3-6 (Groundball, 34, EV 85.0 MPH)
|
|
Batting: SHB Jim Rutherford
|
0-0: Ball 1-0: Foul Ball, location: 2F 1-1: Ground out 1-3 (Groundball, 13S, EV 64.4 MPH)
|
| Bottom of the 7th over - 0 runs, 0 hits, 0 errors, 1 left on base; University of Southern California 5 - Mississippi State University 2 |
| TOP OF THE 8TH |
|
University of Southern California Trojans batting - Pitching for Mississippi State University Bulldogs : RHP Salvatore Caraballo
|
|
Pitching: RHP Josh Noonan
|
|
|
Now at 2B: Jon Van Dam
|
|
|
Batting: RHB Ashley Shepherd
|
0-0: Called Strike 0-1: DOUBLE (Line Drive, 89M, EV 108.1 MPH)
|
|
Batting: LHB John Rumbolt
|
0-0: Foul Ball, location: 2F 0-1: Ball Wild Pitch! Ashley Shepherd to third 1-1: Foul Ball, location: 2F 1-2: Foul Ball, location: 2F 1-2: Ball 2-2: Strikes out swinging
|
|
Batting: RHB John Sandberg
|
0-0: Ground out 5-3 (Groundball, 5S, EV 86.9 MPH)
|
|
Batting: RHB Jeremy McAbee
|
0-0: Ball 1-0: Foul Ball, location: 2F 1-1: Ball 2-1: Ball Wild Pitch! Ashley Shepherd scores 3-1: Foul Ball, location: 2F 3-2: Strikes out looking
|
| Top of the 8th over - 1 run, 1 hit, 0 errors, 0 left on base; University of Southern California 6 - Mississippi State University 2 |
| BOTTOM OF THE 8TH |
|
Mississippi State University Bulldogs batting - Pitching for University of Southern California Trojans : RHP Yacob Onyebuchi
|
|
Batting: SHB Shou-xin Ouyang
|
0-0: Ball 1-0: Called Strike 1-1: Ball 2-1: Foul Ball, location: 2F 2-2: Ball 3-2: SINGLE (Line Drive, 78M, EV 108.1 MPH)
|
|
Batting: LHB Tom Ploughman
|
0-0: SINGLE (Line Drive, 5D, EV 104.4 MPH) Shou-xin Ouyang to second
|
|
Batting: RHB Rich Martinez
|
0-0: Called Strike 0-1: Ball 1-1: Ball 2-1: Ball 3-1: Base on Balls Shou-xin Ouyang to third Tom Ploughman to second
|
|
Batting: RHB Jesse Hodges
|
0-0: Called Strike 0-1: Fly out, F9 (Flyball, 89M, EV 78.1 MPH) Runner from 3rd tags up, SCORES, throw by RF
|
|
Batting: RHB Eric Riley
|
0-0: DOUBLE (Groundball, 5L, EV 105.0 MPH) Tom Ploughman scores Rich Martinez to third
|
|
Batting: RHB Karl Lukasiewicz
|
0-0: Foul Ball, location: 2F 0-1: Called Strike 0-2: Ball 1-2: Fly out, F8 (Flyball, 8RM, EV 94.4 MPH) Runner from 3rd tags up, SCORES, throw by CF Eric Riley to third
|
|
Pitching: RHP Skyler Isbell
|
|
|
Batting: RHB Oscar Vargas
|
0-0: Ball 1-0: SINGLE (Line Drive, 9S, EV 88.8 MPH) Eric Riley scores
|
|
Pinch Hitting: LHB Tim Johnson
|
0-0: Called Strike 0-1: Called Strike 0-2: Foul Ball, location: 2F 0-2: Ground out 6-3 (Groundball, 4MS, EV 88.8 MPH)
|
| Bottom of the 8th over - 4 runs, 4 hits, 0 errors, 1 left on base; University of Southern California 6 - Mississippi State University 6 |
| TOP OF THE 9TH |
|
University of Southern California Trojans batting - Pitching for Mississippi State University Bulldogs : RHP Josh Noonan
|
|
Pitching: RHP Antonio Ramirez
|
|
|
Now at 2B: Jay Britz
|
|
|
Pinch Hitting: LHB Eric Rosenstein
|
0-0: Called Strike 0-1: Swinging Strike 0-2: Foul Ball, location: 2F 0-2: Ball 1-2: Fly out, F8 (Line Drive, 8RD, EV 106.2 MPH)
|
|
Batting: LHB Brad Betterton
|
0-0: Ball 1-0: Ball 2-0: Ball 3-0: Called Strike 3-1: Swinging Strike 3-2: Base on Balls
|
|
Pinch Hitting: SHB Dave Montoya
|
0-0: Called Strike Brad Betterton steals 2nd base 0-1: Ball 1-1: Intentional Walk
|
|
Batting: SHB George Hillock
|
0-0: Fly out, F8 (Flyball, 89D, EV 105.6 MPH) Runner from 2nd tags up, SAFE at 3rd, no throw by CF
|
|
Pinch Hitting: SHB Mhelter Daulong
|
0-0: Foul Ball, location: 2F 0-1: Ball 1-1: Ball 2-1: Swinging Strike 2-2: Foul Ball, location: 2F 2-2: Foul Ball, location: 2F 2-2: Strikes out swinging
|
| Top of the 9th over - 0 runs, 0 hits, 0 errors, 2 left on base; University of Southern California 6 - Mississippi State University 6 |
| BOTTOM OF THE 9TH |
|
Mississippi State University Bulldogs batting - Pitching for University of Southern California Trojans : RHP Skyler Isbell
|
|
Pitching: RHP Tom Applebee
|
|
|
Now at 1B: Jim Baltazar
|
|
|
Now at 2B: Kasey Kasarda
|
|
|
Now at 3B: Edwin Figueroa
|
|
|
Batting: SHB Jim Rutherford
|
0-0: Ball 1-0: DOUBLE (Popup, 4D, EV 60.0 MPH)
|
|
Batting: SHB Shou-xin Ouyang
|
0-0: Intentional Walk
|
|
Pinch Hitting: RHB Josh Simmons
|
0-0: Ball 1-0: Called Strike Jim Rutherford is caught stealing 3rd base 2-5 Shou-xin Ouyang to second 1-1: Ball 2-1: Reached on error, E3 (Groundball, 34, EV 85.0 MPH) Shou-xin Ouyang to third
|
|
Batting: RHB Rich Martinez
|
0-0: Fly out, F8 (Flyball, 8RD, EV 84.4 MPH) Runner from 3rd tags up, SCORES, throw by CF
|
| Bottom of the 9th over - 1 run, 1 hit, 1 error, 1 left on base; University of Southern California 6 - Mississippi State University 7 |
|